 Dungeon Crawl Stone Soup version 0.30-a0-748-ge6a52f7cba (webtiles) character file.

Game seed: 18140167801565360301

104 Esekla the Sneak (level 4, 31/31 HPs)
             Began as an Octopode Delver on Feb 8, 2023.
             Quit the game on level 5 of the Dungeon.
             The game lasted 00:04:37 (303 turns).

Esekla the Sneak (Octopode Delver)                   Turns: 303, Time: 00:04:38

Health: 31/31      AC:  1    Str: 11    XL:     4   Next: 80%
Magic:  5/5        EV: 13    Int: 14    God:
Gold:   68         SH:  0    Dex: 13    Spells: 5/5 levels left

rFire   . . .      SeeInvis .    g - +0 dagger
rCold   . . .      Faith    .    (no shield)
rNeg    . . .      Spirit   .    (helmet restricted)
rPois   .          Reflect  .    (no amulet)
rElec   .          Harm     .    (no ring)
rCorr   .          Rampage  .    (no ring)
Will    .....                    (no ring)
Stlth   +++++                    (no ring)
HPRegen 0.25/turn                (no ring)
MPRegen 0.09/turn                (no ring)
                                 (no ring)
                                 (no ring)

@: no status effects
A: almost no armour, amphibious, 8 rings, camouflage 1, gelatinous body 1,
(nimble swimmer 1), tentacles
a: no special abilities


You were on level 5 of the Dungeon.
You visited 1 branch of the dungeon, and saw 1 of its levels.

You collected 68 gold pieces.

Inventory:

Hand Weapons
 a - a +0 falchion
 g - a +0 dagger (weapon)
Wands
 f - a wand of digging (2)
Scrolls
 b - a scroll of fog
 d - a scroll of fear
Potions
 c - 2 potions of heal wounds {unknown}
 e - a potion of haste


   Skills:
 * Level 3.5 Fighting
 * Level 2.5 Long Blades
 * Level 2.5 Dodging
 + Level 7.7 Stealth
 * Level 1.1 Spellcasting


You had 5 spell levels left.
You didn't know any spells.
Your spell library was empty.

Dungeon Overview and Level Annotations

Branches:
Dungeon (5/15)
 Temple: D:4-7

Altars:
Cheibriados
Hepliaklqana
Kikubaaqudgha
Wu Jian

Annotations:
D:5 Dowan, Duvessa


Innate Abilities, Weirdness & Mutations

You cannot wear most types of armour.
You are amphibious.
You can wear up to eight rings at the same time.
Your skin changes colour to match your surroundings (Stealth+).
Your rubbery body absorbs attacks. (AC +1, EV +1)
((You are camouflaged when in or above water. (Stealth+)))
You have tentacles for arms and can constrict up to eight enemies at once.


Message History

Things that are here:
a necrophage corpse; an adder corpse You start resting.
Magic restored.
An iguana comes into view.
You start resting.
HP restored.
Aiming: Dig
Press: ? - help, Shift-Dir - straight line The rock shatters into small pieces.
Found a blue potion.
Duvessa, Sister of Dowan comes into view.
She is wielding a +0 short sword and carrying a wand of flame (18).
Dowan, Brother of Duvessa comes into view.
He is wielding a +0 dagger.
You see here a blue potion.
c - 2 blue potions (gained 1) Duvessa zaps a wand.
The puff of flame hits you!
Duvessa zaps a wand.
The puff of flame misses you.
Duvessa zaps a wand.
The puff of flame misses you.
Duvessa says, "Where magic fails, the sword succeeds!"
Found 11 gold pieces.
The iguana hisses angrily.
Things that are here:
11 gold pieces; a +0 dagger
As you read the scroll of fear, it crumbles to dust.
You assume a fearsome visage.
Duvessa looks frightened!
The iguana looks frightened!
You now have 59 gold pieces (gained 11).
Found a short sword.
You see here a +0 dagger.
g - a +0 dagger An iguana comes into view.
Found 9 gold pieces.
You see here a +0 short sword.
g - a +0 dagger (weapon)
The helpless iguana fails to defend itself.
You impale the iguana!!
You kill the iguana!
You now have 68 gold pieces (gained 9).
Found a hazy altar of Hepliaklqana.
Are you sure you want to abandon this character and quit the game? (Confirm with "yes".)

...#.###########
##.## *<,*,*
...#.....# #####
#..#******,,*,*
##.#####.# #...#
#..#*,,,,,,,,,* ##.#
#.####._.#
#..#*,****,,*** ##.#
#....#...* #..#*,*
*,,* ##.#
######..####..#*,*
*,,*** ##.#
#...##...#*,****,,,,,
...#
#........#*,,,,*,****
.#.##
##..@...##*,,,,,,*
....#### ########
*,,,,,,**** .......#
**,,,,,,,,,, ....##.#
*,,,,,,,****
.#.###.### **,,,,,**
>#.# #...### **,,,**
.#.###.....#
********,**
...........#
*,,,,,,,,*
.≈≈≈≈≈≈≈≈≈.#
*,********


There were no monsters in sight!

Vanquished Creatures
  A necrophage (D:5)
  An iguana (D:5)
  An adder (D:5)
  A shadow imp (D:5)
4 creatures vanquished.

Notes
Turn   | Place    | Note
-------+----------+-------------------------------------------
     0 | D:5      | Esekla the Octopode Delver began the quest for the Orb.
     0 | D:5      | Reached XP level 1. HP: 16/16 MP: 1/1
    13 | D:5      | Found an ancient bone altar of Kikubaaqudgha.
    17 | D:5      | Reached XP level 2. HP: 21/21 MP: 2/2
    38 | D:5      | Noticed a black bear
    63 | D:5      | Found an ornate altar of the Wu Jian Council.
    96 | D:5      | Found a snail-covered altar of Cheibriados.
   110 | D:5      | Noticed a necrophage
   128 | D:5      | Noticed a bullfrog
   131 | D:5      | Reached skill level 7 in Stealth
   136 | D:5      | Killed a necrophage
   137 | D:5      | Reached skill level 1 in Spellcasting
   137 | D:5      | Reached XP level 3. HP: 10/26 MP: 2/4
   137 | D:5      | Reached XP level 4. HP: 11/31 MP: 2/5
   236 | D:5      | Noticed Duvessa
   239 | D:5      | Noticed Dowan
   298 | D:5      | Found a hazy altar of Hepliaklqana.
   303 | D:5      | Quit the game

Illustrated notes

Levels and vault maps discovered:
D:5:      layout_loops_ring, nicolae_hepliaklqana_hippocampus,
          mainiacjoe_overflow_24_doors, old_standard_altar,
          mainiacjoe_overflow_concentric_impassable, uniq_sigmund, uniq_duvessa

Skill      XL: |  1  2 |
---------------+-------+-----
Stealth        | 7 |  7.7
Spellcasting   | 1 |  1.1
Fighting       | |  3.5
Long Blades    | |  2.5
Dodging        | |  2.5

Action                     |  1- 3 |  4- 6 || total
---------------------------+-------+-------++-------
  Melee: Falchion          |    11 |       ||    11
         Tentacles         |     4 |       ||     4
         Constrict         |     3 |       ||     3
         Dagger            |       |     1 ||     1
  Evoke: Wand              |       |     1 ||     1
    Use: Scroll            |     1 |     1 ||     2
   Stab: Distracted        |     1 |       ||     1
         Sleeping          |       |     1 ||     1
  Dodge: Dodged            |     5 |     2 ||     7

Table legend: (Time is in decaauts)
 A = Elapsed time spent in this place.
 B = Non-inter-level travel time spent in this place.
 C = Inter-level travel time spent in this place.
 D = Time resting spent in this place.
 E = Time spent auto-exploring this place.
 F = Levels seen in this place.
 G = Mean time per level.
                   A        B        C        D        E       F      G
               +--------+--------+--------+--------+--------+-----+--------+
         Total |    304 |    304 |      0 |     61 |      0 |   1 |  304.0 |
       Dungeon |    304 |    304 |      0 |     61 |      0 |   1 |  304.0 |
               +--------+--------+--------+--------+--------+-----+--------+

Top non-repeatable levels by time:
     D:5: 304 daAuts
